 Dungeon Crawl Stone Soup version 0.28.0 (console) character file.

Game seed: 9838851996778716833

6664 jejorda2 the Slicer (level 11, -22/90 HPs)
             Began as a Vine Stalker Berserker on Feb 8, 2022.
             Was a Priest of Trog.
             Annihilated by a tentacled starspawn (23 damage)
             ... on level 1 of the Abyss.
             The game lasted 00:18:00 (7410 turns).

jejorda2 the Slicer (Vine Stalker Berserker)        Turns: 7410, Time: 00:18:01

Health: -22/90     AC: 20    Str: 24    XL:     11   Next: 3%
Magic:  0/12       EV:  7    Int: 10    God:    Trog [***...]
Gold:   358        SH:  0    Dex: 14    Spells: 10/10 levels left

rFire   . . .      SeeInvis .   a - +3 dagger (venom)
rCold   . . .      Faith    .   (no shield)
rNeg    + . .      Spirit   +   n - +0 plate armour
rPois   .          Reflect  .   u - +2 hat {Int+3}
rElec   .          Harm     .   o - +0 cloak
rCorr   .          Rampage  .   i - +1 pair of gloves
Will    ++...                   p - +0 pair of boots
Stlth   ..........              g - amulet of regeneration
HPRegen 1.85/turn               f - ring of willpower
MPRegen 0.13/turn               r - ring of positive energy

@: berserking, lethally poisoned (-22 -> -22), very quick
A: fangs 3, regeneration 1, magic shield, antimagic bite, no potion heal 2
a: Renounce Religion, Berserk, Trog's Hand


You were on level 1 of the Abyss.
You worshipped Trog.
Trog was most pleased with you.
You visited 1 branch of the dungeon, and saw 8 of its levels.
You visited the Abyss 1 time.

You collected 358 gold pieces.

Inventory:

Hand Weapons
 a - a +3 dagger of venom (weapon)
 b - a +4 dagger
Missiles
 h - 4 poisoned darts (quivered)
Armour
 i - a +1 pair of gloves (worn)
 n - a +0 plate armour (worn)
 o - a +0 cloak (worn)
 p - a +0 pair of boots (worn)
 u - a +2 hat of intelligence (worn)
Jewellery
 f - a ring of willpower (left hand)
 g - an amulet of regeneration (around neck)
 r - a ring of positive energy (right hand)
Wands
 m - a wand of iceblast (16)
 s - a wand of paralysis (12)
Scrolls
 c - 2 scrolls of enchant armour
 e - 2 scrolls of enchant weapon
 j - a scroll of fear
 l - 2 scrolls of teleportation
 t - 2 scrolls of identify
Potions
 d - 2 potions of haste
 k - a potion of might
 q - 3 potions of curing


   Skills:
 + Level 8.4 Fighting
 - Level 10.0 Short Blades
 + Level 8.1 Armour
 - Level 1.5 Dodging


You had 10 spell levels left.
You didn't know any spells.
Your spell library was empty.

Dungeon Overview and Level Annotations

Branches:
Dungeon (8/15)             Temple (0/1) D:6
   Lair: D:8-11

Altars:

Annotations:
D:8 Psyche


Innate Abilities, Weirdness & Mutations

You have razor-sharp teeth.
Your natural rate of healing is unusually fast.
When hurt, damage is shared between your health and your magic reserves.
Your bite disrupts and absorbs the magic of your enemies.
Potions cannot restore your health.


Message History

The tentacled starspawn tentacle-slaps you.
* * * LOW HITPOINT WARNING * * *
You puncture the guardian serpent!
The guardian serpent is heavily wounded.
You feel sick. The guardian serpent hits you!
* * * LOW HITPOINT WARNING * * *
You puncture the guardian serpent! Your bite misses the guardian serpent.
The guardian serpent is heavily wounded.
You feel sick.
The guardian serpent completely misses you.
You hit the guardian serpent. You bite the guardian serpent.
The guardian serpent's magic leaks into the air.
You drain its magic.
You feel invigorated.
The guardian serpent is severely wounded.
Tentacles burst from the starspawn's body! 2 starspawn tentacles come into view.
You hit the guardian serpent. Your bite misses the guardian serpent.
The guardian serpent is almost dead.
You feel sick.
You hit the guardian serpent but do no damage.
The guardian serpent is almost dead.
The guardian serpent hits you but does no damage.
You hit the guardian serpent but do no damage.
Your bite misses the guardian serpent.
The guardian serpent is almost dead.
You feel sick.
The tentacled starspawn bites you but does no damage.
The tentacled starspawn closely misses you.
You hit the guardian serpent.
The guardian serpent is almost dead.
The guardian serpent hits you!
* * * LOW HITPOINT WARNING * * *
You closely miss the guardian serpent.
The guardian serpent is almost dead.
You puncture the guardian serpent!
You kill the guardian serpent!
That felt strangely unrewarding.
* * * LOW HITPOINT WARNING * * *
You feel sick. The tentacled starspawn bites you!!
You die...

## .# .# .#
... # .
#...#w##.
#..w│#.#
#.─X†# #
###@# ..# #
.#...###....
..#....... .
. ##
####.... #.
#.#.
..##..## #.
## ...### #
.#.#... . #
.... ...## .
. #..#. . #
#


You could see a tentacled starspawn and 2 starspawn tentacles.

Vanquished Creatures
  Gastronok (D:8)
  A spriggan skeleton (Abyss:1)
  A boulder beetle (D:8)
  Pikel (D:6)
  Joseph (D:8)
  A guardian serpent (Abyss:1)
  A wraith (D:8)
  Eustachio (D:5)
  4 yaks (D:7)
  A steam dragon (D:7)
  2 vampire mosquitoes (D:6)
  5 water moccasins
  3 orc warriors
  An ice beast (D:6)
  2 sky beasts
  2 ogres
  A necrophage (D:7)
  3 centaurs
  2 lemures (D:6)
  2 bullfrogs
  4 scorpions
  A water moccasin skeleton (D:5)
  5 wights (D:8)
  3 killer bees (D:8)
  A centaur zombie (D:8)
  A hound (D:6)
  3 jellies
  A gnoll shaman (D:8)
  3 orc priests (D:7)
  A bullfrog skeleton (D:4)
  2 centaur skeletons
  Jessica (D:2)
  An iguana (D:5)
  7 orc wizards
  A hound zombie (D:5)
  A howler monkey zombie (D:8)
  A howler monkey skeleton (D:7)
  8 adders
  A gnoll (D:8)
  An ufetubus (D:6)
  A dart slug (D:3)
  23 orcs
  2 ball pythons
  5 endoplasms
  2 giant cockroaches
  6 hobgoblins
  14 jackals
  8 kobolds
  A quokka (D:1)
  6 bats
  3 frilled lizards
  A goblin (D:4)
  2 rats
157 creatures vanquished.

Vanquished Creatures (collateral kills)
  3 gnolls (D:8)
3 creatures vanquished.

Grand Total: 160 creatures vanquished

Notes
Turn   | Place    | Note
-------+----------+-------------------------------------------
     0 | D:1      | jejorda2 the Vine Stalker Berserker began the quest for the
                  | Orb.
     0 | D:1      | Reached XP level 1. HP: 11/11 MP: 2/2
   293 | D:1      | Reached skill level 3 in Short Blades
   293 | D:1      | Reached XP level 2. HP: 14/16 MP: 3/3
  1020 | D:1      | Reached XP level 3. HP: 20/20 MP: 4/4
  2144 | D:2      | Noticed Jessica
  2149 | D:2      | Killed Jessica
  2149 | D:2      | Reached ** piety under Trog
  2150 | D:2      | Gained mutation: Your natural rate of healing is unusually
                  | fast. [Vine Stalker growth]
  2150 | D:2      | Reached XP level 4. HP: 24/24 MP: 5/5
  2455 | D:2      | Found a faded altar of an unknown god.
  3142 | D:3      | Reached skill level 4 in Short Blades
  3142 | D:3      | Reached XP level 5. HP: 26/28 MP: 1/6
  3541 | D:4      | Noticed a centaur
  3548 | D:4      | Killed a centaur
  3549 | D:4      | Reached XP level 6. HP: 33/33 MP: 5/7
  4194 | D:5      | Entered Level 5 of the Dungeon
  4211 | D:5      | Noticed a water moccasin
  4223 | D:5      | Killed a water moccasin
  4224 | D:5      | Reached skill level 5 in Short Blades
  4292 | D:5      | Reached XP level 7. HP: 36/37 MP: 5/8
  4462 | D:5      | Reached skill level 6 in Short Blades
  4746 | D:5      | Noticed Eustachio
  4768 | D:5      | Killed Eustachio
  4769 | D:5      | Reached skill level 5 in Fighting
  4769 | D:5      | Gained mutation: You have razor-sharp teeth. [Vine Stalker
                  | growth]
  4769 | D:5      | Reached XP level 8. HP: 43/43 MP: 9/9
  5092 | D:6      | Reached skill level 7 in Short Blades
  5103 | D:6      | Reached *** piety under Trog
  5157 | D:6      | Noticed Pikel
  5192 | D:6      | Killed Pikel
  5193 | D:6      | Reached skill level 5 in Armour
  5193 | D:6      | Reached XP level 9. HP: 42/48 MP: 8/10
  5218 | D:6      | Reached skill level 8 in Short Blades
  5329 | D:6      | Found a staircase to the Ecumenical Temple.
  5775 | D:7      | Reached skill level 9 in Short Blades
  5971 | D:7      | Reached skill level 10 in Short Blades
  5971 | D:7      | Reached XP level 10. HP: 53/53 MP: 11/11
  6605 | D:8      | Noticed Joseph
  6608 | D:8      | Reached **** piety under Trog
  6619 | D:8      | Killed Joseph
  6780 | D:8      | Noticed a boulder beetle
  6792 | D:8      | Killed a boulder beetle
  7139 | D:8      | Identified the +3 mace of Glamorous Tender Mercy {elec, rC+
                  | rN+ Will+ Dex-5}
  7150 | D:8      | Noticed Gastronok
  7164 | D:8      | Killed Gastronok
  7165 | D:8      | Reached XP level 11. HP: 60/60 MP: 12/12
  7310 | D:8      | Noticed Psyche
  7321 | D:8      | Cast into level 1 of the Abyss (Psyche)
  7397 | Abyss:1  | Noticed a tentacled starspawn
  7408 | Abyss:1  | HP: 1/90 [guardian serpent (8)]
  7410 | Abyss:1  | Annihilated by a tentacled starspawn

Illustrated notes

Levels and vault maps discovered:
D:1:      scummos_arrival_simple_fountains, layout_basic
D:2:      layout_basic, chequers_ecumenical_altar_simple_redux, uniq_jessica
D:3:      layout_basic, minmay_misc_feat_diagonals, kennysheep_pointless_box
D:4:      layout_gridville
D:5:      layout_rooms, minmay_stone_trees_small, hangedman_decor_lopped,
          uniq_eustachio
D:6:      layout_rooms, minmay_temple_entry_statues_fountains,
          minmay_misc_feat_rugged, kennysheep_windowed_goal, uniq_pikel
D:7:      layout_loops_ring
D:8:      layout_loops_ring, uniq_joseph, uniq_gastronok, uniq_psyche
Abyss:1:  base:
D:4

Skill      XL: |  1  2  3  4  5  6  7  8  9 10 |
---------------+-------------------------------+-----
Short Blades   | 3 4 5 6 7 10 | 10.0
Fighting       | 3 4 5 6 8 |  8.4
Armour         | 2 3 4 5 6 8 |  8.1
Dodging        | |  1.5

Action                   |  1- 3 |  4- 6 |  7- 9 | 10-12 || total
-------------------------+-------+-------+-------+-------++-------
Melee: Short sword       |    20 |       |       |       ||    20
       Bite              |    29 |    37 |    85 |    83 ||   234
       Dagger            |   104 |   146 |   235 |   226 ||   711
       Punch             |       |     2 |     1 |     1 ||     4
Throw: Dart              |       |     2 |       |     1 ||     3
Invok: Berserk           |     2 |     4 |     6 |     6 ||    18
       Trog's Hand       |       |     1 |       |       ||     1
       Brothers in Arms  |       |       |       |     2 ||     2
  Use: Scroll            |       |       |    10 |       ||    10
 Stab: Sleeping          |     1 |     1 |       |       ||     2
       Distracted        |       |       |       |     1 ||     1
Armor: Animal skin       |    18 |    14 |       |       ||    32
       Leather armour    |       |     9 |       |       ||     9
       Ring mail         |       |    13 |    50 |       ||    63
       Plate armour      |       |       |    20 |    60 ||    80
Dodge: Dodged            |    74 |    53 |    82 |    47 ||   256
